 Dungeon Crawl Stone Soup version 0.29.0-4-gdea44cf6ec (webtiles) character file.

Game seed: 5265990045252224896

1078 qw the Grappler (level 8, -2/66 HPs)
             Began as a Ghoul Fire Elementalist on Aug 29, 2022.
             Slain by a gnoll sergeant
             ... wielding a +2 spear of venom
              (12 damage)
             ... on level 6 of the Dungeon.
             The game lasted 00:05:16 (6168 turns).

qw the Grappler (Ghoul Fire Elementalist)           Turns: 6168, Time: 00:05:16

Health: -2/66      AC:  9    Str: 14    XL:     8   Next: 29%
Magic:  9/9        EV:  6    Int: 10    God:
Gold:   273        SH:  0    Dex:  9    Spells: 9/10 levels left

rFire   . . .      SeeInvis .     - Unarmed
rCold   + . .      Faith    .   (no shield)
rNeg    + + +      Spirit   .   g - +0 chain mail
rPois   inf        Reflect  .   (no helmet)
rElec   .          Harm     .   m - +0 cloak
rCorr   .          Rampage  .   (no gloves)
Will    .....                   (no boots)
Stlth   ..........              (no amulet)
HPRegen 0.00/turn               (no ring)
MPRegen 0.11/turn               (no ring)

@: inhibited regen
A: claws 1, cold resistance 1, negative energy resistance 3, inhibited
regeneration, torment resistance 2, devour on kill
a: no special abilities


You were on level 6 of the Dungeon.
You visited 2 branches of the dungeon, and saw 7 of its levels.

You collected 273 gold pieces.


Innate Abilities, Weirdness & Mutations

You are immune to poison.
You have sharp fingernails.
Your flesh is cold resistant. (rC+)
You are immune to negative energy. (rN+++)
You do not regenerate when monsters are visible.
You are immune to unholy pain and torment.
You thrive by killing the living.


   Skills:
 - Level 4.1 Fighting
 - Level 0.3 Throwing
 - Level 2.3 Armour
 - Level 1.7 Dodging
 - Level 2.1 Stealth
 + Level 8.7 Unarmed Combat
 - Level 1.7 Spellcasting
 - Level 0.7 Conjurations
 - Level 2.4 Fire Magic


You had 9 spell levels left.
You knew the following spells:

 Your Spells              Type           Power      Damage    Failure   Level
a - Foxfire               Conj/Fire      16%        2x1d4     99%         1

Your spell library contained the following spells:

 Spells                   Type           Power      Damage    Failure   Level
 Scorch                   Fire           10%        2d6       99%         2
 Conjure Flame            Conj/Fire      4%         6-21      100%        3
 Inner Flame              Hex/Fire       3%         N/A       100%        3
 Flame Wave               Conj/Fire      4%         2d5       100%        4

Inventory:

Armour
 g - a +0 chain mail (worn)
 m - a +0 cloak (worn)
Scrolls
 d - a scroll of identify
Potions
 a - a potion of ambrosia {unknown}
 c - a potion of mutation
 e - 4 potions of curing
 f - a potion of haste {unknown}
 j - 2 potions of might
 l - a potion of resistance {unknown}

Dungeon Overview and Level Annotations

Branches:
Dungeon (6/15)             Temple (1/1) D:4

Altars:
Dithmenos
Fedhas
Gozag
Hepliaklqana
Kikubaaqudgha
Makhleb
Nemelex Xobeh
Qazlal
Ru
Sif Muna
Trog
Uskayaw
Xom
Yredelemnul

Annotations:
D:5 1 runed translucent door, Crazy Yiuf


Message History

The gnoll sergeant hits you with a +2 spear of venom.
6160 ||| DRINKING 2 potions of heal wounds.
You feel much better.
The gnoll hits you from afar with a +0 spear.
The gnoll sergeant hits you with a +2 spear of venom.
You struggle against the net.
The shadow imp shouts!
The gnoll hits you but does no damage. The gnoll hits you with a +0 flail.
The gnoll sergeant hits you but does no damage.
You struggle against the net.
The gnoll barely misses you. The gnoll hits you with a +0 flail.
The gnoll hits you from afar with a +0 spear.
You tear a large gash into the net.
The gnoll hits you but does no damage.
The gnoll hits you from afar with a +0 spear.
The gnoll hits you with a +0 flail!
The gnoll sergeant hits you with a +2 spear of venom.
6164 ||| Stepping ~*~*~tactically~*~*~ (outnumbered).
You rip the net and break free!
The gnoll hits you but does no damage. The gnoll barely misses you.
The gnoll sergeant barely misses you.
The gnoll hits you from afar with a +0 spear.
6165 ||| Stepping ~*~*~tactically~*~*~ (outnumbered).
The gnoll attacks as you move away! The gnoll hits you with a +0 flail!
The gnoll sergeant hits you with a +2 spear of venom.
6166 ||| DRINKING potion of heal wounds.
You feel much better. The gnoll hits you with a +0 club.
The gnoll hits you but does no damage.
The gnoll hits you from afar with a +0 spear.
The gnoll hits you with a +0 flail.
6167 ||| Stepping ~*~*~tactically~*~*~ (outnumbered).
The gnoll attacks as you move away! The gnoll hits you with a +0 flail.
The gnoll attacks as you move away! The gnoll barely misses you.
The gnoll sergeant hits you but does no damage.
You claw the gnoll sergeant!
The gnoll sergeant is severely wounded.
The gnoll closely misses you. The shadow imp barely misses you.
The gnoll hits you but does no damage. x2
The gnoll sergeant hits you with a +2 spear of venom!
You die...

.. ##.#### 5.
........# .##
#.......#
..$##.......# .
#..#.......# ..
##.........#...
#.).........)..
#.)...g........
...#...<[5@.......
..........gg.......
.....#....gg....###
.......$.........#
.....#..........$#
#................#
#.##..#<.........#
##..........###
#...........


You could see a gnoll sergeant, 4 gnolls and a shadow imp.

Vanquished Creatures
  Grinder (D:5)
  A water moccasin (D:5)
  An ogre (D:5)
  2 scorpions
  A necrophage (D:5)
  A gnoll bouda (D:5)
  An orc priest (D:2)
  2 iguanas
  2 orc wizards
  7 gnolls
  6 adders
  11 river rats
  A shadow imp (D:5)
  An ufetubus (D:5)
  4 dart slugs
  15 orcs
  6 endoplasms
  A giant cockroach (D:1)
  6 goblins
  5 hobgoblins
  5 jackals
  11 quokkas
  7 ball pythons
  4 bats
  2 frilled lizards
  8 kobolds
  19 rats
131 creatures vanquished.

Notes
Turn   | Place    | Note
-------+----------+-------------------------------------------
     0 | D:1      | qw the Ghoul Fire Elementalist began the quest for the Orb.
     0 | D:1      | Reached XP level 1. HP: 14/14 MP: 2/2
     0 | D:1      | 0 ||| qw: Version: 0.1-a-90-g952f4b7
     0 | D:1      | 0 ||| qw: Game counter: 3842
     0 | D:1      | 0 ||| qw: Always use a shield: true
     0 | D:1      | 0 ||| qw: God list: Okawaru
     0 | D:1      | 0 ||| qw: Allow faded altars: false
     0 | D:1      | 0 ||| qw: Do Orc after D:15 true
     0 | D:1      | 0 ||| qw: Do second Lair branch before Depths: true
     0 | D:1      | 0 ||| qw: Lair rune preference: random
     0 | D:1      | 0 ||| qw: Plans: Normal
     0 | D:1      | 0 ||| PLANNING D:1-11
   147 | D:1      | Reached skill level 1 in Unarmed Combat
   275 | D:1      | Reached skill level 1 in Fighting
   275 | D:1      | Reached XP level 2. HP: 17/23 MP: 3/3
   356 | D:1      | Found a faded altar of an unknown god.
   416 | D:1      | 416 ||| Stepping ~*~*~tactically~*~*~ (stealth).
   418 | D:1      | 418 ||| Stepping ~*~*~tactically~*~*~ (stealth).
   461 | D:1      | Reached skill level 2 in Unarmed Combat
   783 | D:1      | 783 ||| UPGRADING to +0 leather armour.
   793 | D:1      | 793 ||| DROPPING +0 robe.
   794 | D:1      | 794 ||| READING scroll labelled HACZE WEOJ.
   795 | D:1      | 795 ||| DRINKING 2 green potions.
   796 | D:1      | 796 ||| DRINKING 2 cyan potions.
   797 | D:1      | 797 ||| DROPPING potion of magic.
   879 | D:2      | Reached XP level 3. HP: 15/28 MP: 4/4
  1111 | D:2      | Reached skill level 3 in Unarmed Combat
  1495 | D:2      | Reached XP level 4. HP: 35/35 MP: 5/5
  1867 | D:2      | 1867 ||| UPGRADING to +0 ring mail.
  1877 | D:2      | 1877 ||| DROPPING +0 leather armour.
  1878 | D:2      | 1878 ||| READING 2 scrolls labelled QYCWIN HESKUVU.
  1879 | D:2      | 1879 ||| READING 2 scrolls labelled TECIPN CINICK.
  1880 | D:2      | 1880 ||| READING 2 scrolls labelled YTUCZI YNEI.
  1885 | D:2      | 1885 ||| READING scroll labelled XUMADO EFOMNE.
  1886 | D:2      | 1886 ||| DRINKING 2 emerald potions.
  1887 | D:2      | 1887 ||| DROPPING potion of flight.
  1888 | D:2      | 1888 ||| DROPPING scroll of fear.
  1889 | D:2      | 1889 ||| DROPPING scroll of immolation.
  1905 | D:3      | 1905 ||| STAIRDANCE
  1915 | D:2      | 1915 ||| UPGRADING to +0 scale mail.
  1925 | D:2      | 1925 ||| DROPPING +0 ring mail.
  1929 | D:3      | 1929 ||| STAIRDANCE
  1950 | D:2      | Reached skill level 4 in Unarmed Combat
  2151 | D:3      | 2151 ||| STAIRDANCE
  2442 | D:3      | Found an ancient bone altar of Kikubaaqudgha.
  2455 | D:3      | Reached XP level 5. HP: 41/41 MP: 6/6
  3026 | D:3      | 3026 ||| READING scroll labelled XITOAFIORCH.
  3027 | D:3      | 3027 ||| READING scroll labelled FENUH CACKAOT.
  3028 | D:3      | 3028 ||| DRINKING 3 sapphire potions.
  3029 | D:3      | 3029 ||| DRINKING 2 sedimented sapphire potions.
  3086 | D:4      | Reached skill level 5 in Unarmed Combat
  3143 | D:4      | 3143 ||| Stepping ~*~*~tactically~*~*~ (stealth).
  3153 | D:4      | 3153 ||| Stepping ~*~*~tactically~*~*~ (outnumbered).
  3154 | D:4      | 3154 ||| Stepping ~*~*~tactically~*~*~ (outnumbered).
  3282 | D:4      | Found a stormy altar of Qazlal.
  3340 | D:4      | Reached XP level 6. HP: 43/48 MP: 7/7
  3395 | D:4      | 3395 ||| Stepping ~*~*~tactically~*~*~ (stealth).
  3397 | D:4      | 3397 ||| Stepping ~*~*~tactically~*~*~ (stealth).
  3398 | D:4      | 3398 ||| Stepping ~*~*~tactically~*~*~ (stealth).
  3399 | D:4      | 3399 ||| Stepping ~*~*~tactically~*~*~ (hiding).
  3401 | D:4      | 3401 ||| Stepping ~*~*~tactically~*~*~ (hiding).
  3406 | D:4      | 3406 ||| DRINKING 3 potions of curing.
  3406 | D:4      | 3406 ||| (to cure confusion)
  3430 | D:4      | HP: 12/48 [something/magic dart (5)]
  3434 | D:4      | 3434 ||| DRINKING 2 potions of curing.
  3434 | D:4      | 3434 ||| (to cure confusion)
  3437 | D:4      | Reached skill level 6 in Unarmed Combat
  3644 | D:4      | Found a staircase to the Ecumenical Temple.
  3645 | D:4      | 3645 ||| PLANNING TEMPLE
  3645 | D:4      | 3645 ||| UPGRADING to +0 chain mail.
  3655 | D:4      | 3655 ||| DROPPING +0 scale mail.
  3656 | D:4      | 3656 ||| UPGRADING to +0 cloak.
  3661 | D:4      | 3661 ||| READING scroll labelled JIRCHU WAITWUNT.
  3662 | D:4      | 3662 ||| READING 2 scrolls of identify.
  3662 | D:4      | 3662 ||| IDENTIFYING coppery potion
  3663 | D:4      | 3663 ||| DROPPING potion of degeneration.
  3672 | Temple   | Entered the Ecumenical Temple
  3673 | Temple   | 3673 ||| READING scroll of teleportation.
  3674 | Temple   | 3674 ||| PLANNING D:1-11
  3884 | D:4      | 3884 ||| DRINKING 2 sedimented red potions.
  3885 | D:4      | 3885 ||| DROPPING potion of brilliance.
  3900 | D:5      | Entered Level 5 of the Dungeon
  3925 | D:5      | 3925 ||| Stepping ~*~*~tactically~*~*~ (outnumbered).
  3927 | D:5      | 3927 ||| Stepping ~*~*~tactically~*~*~ (outnumbered).
  3928 | D:5      | 3928 ||| Stepping ~*~*~tactically~*~*~ (outnumbered).
  3931 | D:5      | 3931 ||| Stepping ~*~*~tactically~*~*~ (outnumbered).
  3940 | D:5      | Reached skill level 1 in Armour
  4145 | D:5      | 4145 ||| Stepping ~*~*~tactically~*~*~ (hiding).
  4148 | D:5      | 4148 ||| Stepping ~*~*~tactically~*~*~ (hiding).
  4158 | D:5      | 4158 ||| Stepping ~*~*~tactically~*~*~ (stealth).
  4264 | D:5      | Noticed a water moccasin
  4265 | D:5      | 4265 ||| Stepping ~*~*~tactically~*~*~ (stealth).
  4279 | D:5      | Killed a water moccasin
  4280 | D:5      | Reached XP level 7. HP: 28/59 MP: 8/8
  4541 | D:5      | 4541 ||| Stepping ~*~*~tactically~*~*~ (outnumbered).
  4544 | D:5      | 4544 ||| Stepping ~*~*~tactically~*~*~ (outnumbered).
  4546 | D:5      | 4546 ||| Stepping ~*~*~tactically~*~*~ (outnumbered).
  4552 | D:5      | 4552 ||| Stepping ~*~*~tactically~*~*~ (outnumbered).
  4562 | D:5      | 4562 ||| Stepping ~*~*~tactically~*~*~ (outnumbered).
  4566 | D:5      | 4566 ||| FLEEEEING.
  4608 | D:5      | HP: 11/59 [river rat (5)]
  4609 | D:5      | 4609 ||| DRINKING 2 potions of heal wounds.
  4616 | D:5      | 4616 ||| FLEEEEING.
  4617 | D:5      | 4617 ||| FLEEEEING.
  4618 | D:5      | 4618 ||| FLEEEEING.
  4620 | D:5      | 4620 ||| FLEEEEING.
  4622 | D:5      | 4622 ||| FLEEEEING.
  4623 | D:5      | 4623 ||| FLEEEEING.
  4624 | D:5      | 4624 ||| FLEEEEING.
  4625 | D:5      | 4625 ||| FLEEEEING.
  4629 | D:5      | 4629 ||| FLEEEEING.
  4630 | D:5      | 4630 ||| FLEEEEING.
  4631 | D:5      | 4631 ||| FLEEEEING.
  4632 | D:5      | 4632 ||| FLEEEEING.
  4633 | D:5      | 4633 ||| FLEEEEING.
  4634 | D:5      | 4634 ||| FLEEEEING.
  4635 | D:5      | 4635 ||| FLEEEEING.
  4636 | D:5      | 4636 ||| FLEEEEING.
  4637 | D:5      | 4637 ||| FLEEEEING.
  4638 | D:5      | 4638 ||| FLEEEEING.
  4639 | D:5      | 4639 ||| FLEEEEING.
  4640 | D:5      | 4640 ||| FLEEEEING.
  4641 | D:5      | 4641 ||| FLEEEEING.
  4642 | D:5      | 4642 ||| FLEEEEING.
  4643 | D:5      | 4643 ||| FLEEEEING.
  4644 | D:5      | 4644 ||| FLEEEEING.
  4645 | D:5      | 4645 ||| FLEEEEING.
  4646 | D:5      | 4646 ||| FLEEEEING.
  4647 | D:5      | 4647 ||| FLEEEEING.
  4648 | D:5      | 4648 ||| FLEEEEING.
  4649 | D:5      | 4649 ||| FLEEEEING.
  4650 | D:5      | 4650 ||| FLEEEEING.
  4651 | D:5      | 4651 ||| FLEEEEING.
  4652 | D:5      | 4652 ||| FLEEEEING.
  4653 | D:5      | 4653 ||| FLEEEEING.
  4654 | D:5      | 4654 ||| FLEEEEING.
  4655 | D:5      | 4655 ||| FLEEEEING.
  4656 | D:5      | 4656 ||| FLEEEEING.
  4657 | D:5      | 4657 ||| FLEEEEING.
  4658 | D:5      | 4658 ||| FLEEEEING.
  4659 | D:5      | 4659 ||| FLEEEEING.
  4660 | D:5      | 4660 ||| FLEEEEING.
  4661 | D:5      | 4661 ||| FLEEEEING.
  4662 | D:5      | 4662 ||| FLEEEEING.
  4663 | D:5      | 4663 ||| FLEEEEING.
  4664 | D:5      | 4664 ||| FLEEEEING.
  4665 | D:5      | 4665 ||| FLEEEEING.
  4666 | D:5      | 4666 ||| FLEEEEING.
  4667 | D:5      | 4667 ||| FLEEEEING.
  4668 | D:5      | 4668 ||| FLEEEEING.
  4669 | D:5      | 4669 ||| STAIRDANCE
  4804 | D:5      | 4804 ||| STAIRDANCE
  4841 | D:5      | Found a runed translucent door.
  4842 | D:5      | Noticed Crazy Yiuf
  4918 | D:5      | 4918 ||| Stepping ~*~*~tactically~*~*~ (stealth).
  4972 | D:5      | Noticed Grinder
  4973 | D:5      | Paralysed by Grinder for 4 turns
  4989 | D:5      | Paralysed by Grinder for 3 turns
  4992 | D:5      | 4992 ||| Stepping ~*~*~tactically~*~*~ (hiding).
  4993 | D:5      | 4993 ||| Stepping ~*~*~tactically~*~*~ (hiding).
  4995 | D:5      | Paralysed by Grinder for 3 turns
  5004 | D:5      | Killed Grinder
  5005 | D:5      | Reached skill level 7 in Unarmed Combat
  5118 | D:5      | Reached skill level 8 in Unarmed Combat
  5118 | D:5      | Reached XP level 8. HP: 66/66 MP: 9/9
  5225 | D:5      | Found a burning altar of Makhleb.
  5289 | D:5      | Found a shadowy altar of Dithmenos.
  5291 | D:5      | Found a sacrificial altar of Ru.
  5292 | D:5      | Found a sparkling altar of Nemelex Xobeh.
  5294 | D:5      | Found a blossoming altar of Fedhas.
  5298 | D:5      | Found a basalt altar of Yredelemnul.
  5812 | D:5      | 5812 ||| READING scroll labelled ZAUKUK KEBOILU.
  5895 | D:6      | 5895 ||| STAIRDANCE
  6087 | D:6      | 6087 ||| Stepping ~*~*~tactically~*~*~ (outnumbered).
  6088 | D:6      | 6088 ||| Stepping ~*~*~tactically~*~*~ (stealth).
  6089 | D:6      | 6089 ||| Stepping ~*~*~tactically~*~*~ (outnumbered).
  6159 | D:6      | HP: 16/66 [gnoll sergeant/+2 spear of venom (5)]
  6160 | D:6      | 6160 ||| DRINKING 2 potions of heal wounds.
  6164 | D:6      | 6164 ||| Stepping ~*~*~tactically~*~*~ (outnumbered).
  6165 | D:6      | 6165 ||| Stepping ~*~*~tactically~*~*~ (outnumbered).
  6165 | D:6      | HP: 12/66 [gnoll/+0 flail[a gnoll sergeant] (8)]
  6166 | D:6      | 6166 ||| DRINKING potion of heal wounds.
  6167 | D:6      | 6167 ||| Stepping ~*~*~tactically~*~*~ (outnumbered).
  6168 | D:6      | Slain by a gnoll sergeant

Levels and vault maps discovered:
D:1:      dpeg_arrival_connections, layout_basic,
          hellmonk_ecumenical_altar_inner_sanctum
D:2:      layout_loops_ring
D:3:      layout_basic, mainiacjoe_overflow_tiny_flanked
D:4:      layout_cave_pools, amcnicky_altar_gilded, minmay_temple_entry_wispy
D:5:      lemuel_ratsnest, layout_gridville,
          nicolae_overflow_hallway_of_the_gods, uniq_crazy_yiuf_cottage,
          uniq_grinder
D:6:      layout_rooms, tso_metal_star, okawaru_ov_weapons_minmay,
          kennysheep_generic_room_6
Temple:   hellmonk_temple_micro_hex

Skill      XL: |  1  2  3  4  5  6  7  8 |
---------------+-------------------------+-----
Unarmed Combat | 1 2 3 4 5 6 8 |  8.7
Fighting       | 1 2 4 |  4.1
Armour         | 1 2 |  2.3
Throwing       | |  0.3
Dodging        | |  1.7
Stealth        | |  2.1
Spellcasting   | |  1.7
Conjurations   | |  0.7
Fire Magic     | |  2.4

Action                   |  1- 3 |  4- 6 |  7- 9 || total
-------------------------+-------+-------+-------++-------
Melee: Unarmed           |    95 |   213 |   217 ||   525
       Punch             |     1 |     9 |     2 ||    12
Throw: Boomerang         |    16 |       |       ||    16
       Javelin           |       |    19 |     1 ||    20
  Use: Potion            |     2 |     6 |     3 ||    11
       Scroll            |     1 |     9 |     1 ||    11
Armor: Robe              |     4 |       |       ||     4
       Leather armour    |    12 |       |       ||    12
       Scale mail        |       |    49 |       ||    49
       Ring mail         |       |     3 |       ||     3
       Chain mail        |       |    40 |    96 ||   136
Dodge: Dodged            |    52 |    68 |    54 ||   174

Table legend:
 A = Non-vault XP
 B = Vault XP
 C = Vault XP percentage of total XP
 D = Non-vault monster count
 E = Vault monster count
 F = Vault count percentage of total count
                 A         B        C        D         E       F
            +---------+---------+-------+---------+---------+-------
      Total |    1062 |     479 |  31.1 |      98 |      33 |  25.2
            +---------+---------+-------+---------+---------+-------
        D:1 |      29 |       0 |   0.0 |      19 |       0 |   0.0
        D:2 |     120 |       0 |   0.0 |      22 |       0 |   0.0
        D:3 |      38 |       0 |   0.0 |      18 |       0 |   0.0
        D:4 |     207 |      13 |   5.9 |      19 |       1 |   5.0
        D:5 |     640 |     466 |  42.1 |      18 |      32 |  64.0
        D:6 |      28 |       0 |   0.0 |       2 |       0 |   0.0
            +---------+---------+-------+---------+---------+-------
